Map: Dusk Towers

Players

Descape

  • Race: Zerg Zerg
  • League: Master

Miszu - Winner!

  • Race: Terran Terran
  • League: Master

VOD

Have the link to the VOD?

Description

Time

  • Played on: March 7, 2016, 5:55 p.m.
  • Length: 9:02
Show
View Real Time Build Order
Export as new Build Order

Descape Zerg 

Build Orders: Hatch First, Muta Ling Bane 

Get SALT Encoding   

  12  0:01  Drone  
  13  0:12  Overlord  
  13  0:17  Drone  
  14  0:30  Drone x2  
  14  0:34  Drone  
  17  0:53  Hatchery  
  17  0:55  Drone  
  17  0:58  Drone  
  18  1:13  Spawning Pool  
  18  1:15  Drone  
  18  1:17  Extractor  
  17  1:20  Drone  
  18  1:28  Drone  
  20  1:40  Drone  
  20  2:00  Roach Warren, Queen  
  21  2:02  Zergling x2  
  21  2:04  Queen  
  21  2:05  Zergling x2  
  21  2:08  Overlord  
  25  2:12  Drone  
  25  2:15  Drone  
  27  2:23  Overlord  
  27  2:40  Roach x3  
  33  2:49  Queen  
  35  2:52  Queen  
  35  2:57  Overlord  
  37  3:01  Drone  
  37  3:03  Drone  
  39  3:17  Drone x2  
  39  3:18  Drone  
  42  3:21  Drone x3  
  45  3:32  Ravager x3  
  48  3:40  Overlord  
  48  3:45  Roach  
  50  3:50  Overlord  
  50  3:52  Overlord  
  50  4:23  Drone  
  51  4:24  Drone x12  
  63  4:39  Hatchery  
  62  4:46  Overlord, Extractor x2  
  62  4:49  Drone x3  
  62  4:51  Evolution Chamber x2  
  52  5:04  Roach x3  
  52  5:05  Roach x2  
  62  5:18  Baneling Nest  
  62  5:20  Extractor, Drone x5  
  65  5:30  Lair  
  65  5:33  Drone  
  65  5:34  Drone x6  
  72  5:50  Drone  
  72  5:51  Drone x3  
  72  5:54  Zerg Melee Weapons Level 1, Zerg Ground Armor Level 1  
  76  6:04  Drone x5  
  79  6:06  Extractor x2  
  79  6:07  Drone  
  79  6:10  Overlord  
  76  6:35  Overlord  
  76  6:37  Spire  
  76  6:38  Drone x12  
  87  6:43  Centrifical Hooks  
  87  6:46  Queen  
  89  6:49  Overlord  
  89  6:54  Overlord  
  89  6:55  Pneumatized Carapace  
  89  6:59  Roach x3  
  89  7:00  Roach  
  97  7:02  Ravager  
  97  7:04  Overlord x2  
  98  7:08  Baneling  
  98  7:09  Baneling x3  
  98  7:11  Overlord x3  
  98  7:17  Overlord x2  
  79  7:31  Roach  
  79  7:32  Roach x8  
  93  7:38  Roach x2  
  86  7:46  Roach  
  86  7:59  Queen x3  
  82  8:10  Overlord  
  82  8:11  Drone x6  
  88  8:15  Mutalisk  
  88  8:16  Mutalisk  
  92  8:26  Drone x5  
  97  8:27  Drone  
Show
View Real Time Build Order
Export as new Build Order

Miszu Terran - Winner!

Build Orders: MMM Bio 

Get SALT Encoding   

  12  0:00  SCV  
  13  0:12  SCV  
  14  0:17  Supply Depot  
  14  0:24  SCV  
  15  0:39  SCV  
  15  0:42  Barracks  
  16  0:45  Refinery  
  16  0:51  SCV  
  17  1:03  SCV  
  18  1:15  SCV  
  19  1:28  Orbital Command  
  19  1:29  Barracks Reactor  
  19  1:40  Command Center  
  19  1:49  Supply Depot  
  19  1:54  SCV  
  20  2:06  Reaper x2  
  20  2:08  SCV  
  23  2:20  SCV  
  24  2:26  Command Center  
  24  2:33  SCV  
  25  2:43  Reaper x2  
  27  2:45  SCV  
  28  2:52  Orbital Command  
  28  2:57  SCV  
  29  2:58  Refinery  
  29  3:09  SCV  
  29  3:15  Bunker, Reaper  
  29  3:19  Bunker  
  31  3:20  Reaper  
  31  3:21  SCV  
  32  3:28  Barracks x2  
  32  3:31  SCV  
  32  3:33  SCV  
  34  3:38  Orbital Command  
  34  3:44  SCV  
  34  3:45  SCV  
  36  3:56  SCV  
  36  3:58  SCV  
  36  3:59  Marine x2  
  39  4:08  SCV  
  40  4:10  SCV  
  40  4:11  SCV  
  40  4:16  Factory  
  42  4:25  Marine x2  
  42  4:28  Marine, SCV  
  46  4:32  Barracks Tech Lab  
  46  4:37  SCV x2  
  48  4:40  SCV  
  48  4:43  Marine  
  48  4:44  Marine  
  51  4:49  SCV  
  52  4:59  Marine  
  51  5:01  SCV x2  
  51  5:06  Refinery x2, Stimpack  
  53  5:10  Supply Depot  
  53  5:12  Marine x3  
  53  5:13  Supply Depot, SCV  
  57  5:17  Starport, Factory Reactor, Orbital Command  
  57  5:18  SCV  
  58  5:25  SCV  
  59  5:28  Barracks Tech Lab  
  59  5:30  Marine  
  59  5:31  SCV  
  59  5:33  Supply Depot  
  61  5:36  Supply Depot, Marine x2  
  61  5:39  SCV  
  64  5:45  SCV  
  64  5:46  SCV  
  64  5:47  Marine  
  64  5:48  Marine  
  68  5:53  Marine  
  68  5:54  Marine  
  69  5:59  Combat Shields  
  69  6:01  Factory Tech Lab  
  69  6:03  Engineering Bay  
  69  6:04  Engineering Bay, SCV  
  70  6:05  Marine x2  
  70  6:10  Medivac  
  70  6:11  Marine x2, Medivac  
  78  6:23  Marine x2  
  79  6:27  Siege Tank, SCV  
  79  6:28  SCV x2  
  79  6:29  Marine x2  
  86  6:36  Supply Depot, Terran Infantry Armor Level 1  
  86  6:37  Terran Infantry Weapons Level 1  
  87  6:40  Medivac, SCV x3  
  87  6:41  Marine  
  87  6:43  Marine  
  87  6:46  Supply Depot  
  93  6:50  Barracks  
  93  6:51  Barracks  
  93  6:57  Marine, Armory  
  93  6:58  SCV x3  
  93  7:00  Supply Depot  
  97  7:02  Marine  
  97  7:03  Marine x2  
  97  7:05  Supply Depot  
  97  7:08  Supply Depot, Siege Tank  
  100  7:10  SCV x3  
  100  7:12  Medivac  
  100  7:15  Marine  
  108  7:21  Marine  
  108  7:22  SCV x3  
  110  7:24  Marine x2  
  108  7:33  Marine  
  107  7:38  Marine  
  107  7:42  Marine x2, Siege Tank  
  107  7:44  Barracks Reactor x2  
  113  7:48  Barracks x2  
  113  7:50  Barracks  
  113  7:51  Marine  
  114  7:54  Medivac x2  
  114  7:56  Marine  
  118  7:59  Marine  
  118  8:00  Marine  
  115  8:09  Marine  
  115  8:11  Supply Depot  
  115  8:14  Supply Depot, Marine, Siege Tank  
  115  8:17  Marine  
  115  8:18  Supply Depot, Marine  
  121  8:20  Marine  
  121  8:21  Marine x3  
  121  8:26  Marine  
  126  8:27  Factory  
  126  8:32  Marine  
  127  8:35  Marine, Command Center  
  127  8:36  Marine  
  127  8:38  Marine x2  
  127  8:39  Marine x2  
  127  8:40  Barracks Tech Lab  
  127  8:41  Barracks Tech Lab x2  
  133  8:45  Refinery  
  133  8:47  Refinery  
Tags
 
Add a new tag
Caveats
  • Supply blocks, unpowered buildings, or Contaminate may cause inaccurate times.
  • Supply counts are checked every 10 seconds.